 Dungeon Crawl Stone Soup version 0.21.1-1-g345015f (webtiles) character file.

165 kwel01 the Sneak (level 5, -8/26 HPs)
             Began as a Spriggan Assassin on July 7, 2018.
             Mangled by a gnoll
             ... wielding a +0 halberd
              (11 damage)
             ... on level 3 of the Dungeon.
             The game lasted 00:22:17 (3502 turns).

kwel01 the Sneak (Spriggan Assassin)                Turns: 3502, Time: 00:22:18

Health: -8/26      AC:  3    Str:  8    XL:     5   Next: 21%
Magic:  6/6        EV: 18    Int: 12    God:
Gold:   112        SH:  0    Dex: 18    Spells: 4/4 levels left

rFire    . . .     SeeInvis +   p - +2 dagger (drain)
rCold    . . .     Gourm    .   (shield restricted)
rNeg     . . .     Faith    .   c - +0 robe
rPois    .         Spirit   .   (helmet restricted)
rElec    .         Reflect  .   d - +0 cloak
rCorr    .         Harm     .   (gloves unavailable)
MR       .....                  (boots unavailable)
Stlth    ++++......             (no amulet)
HPRegen  0.08/turn              (no ring)
MPRegen  0.10/turn              (no ring)

@: very quick
A: very small, unfitting armour, see invisible, herbivore, speed 3, slow
metabolism 2
a: no special abilities


You were on level 3 of the Dungeon.
You were hungry.

You visited 1 branch of the dungeon, and saw 3 of its levels.

You collected 112 gold pieces.

Inventory:

Hand Weapons
 b - a +0 blowgun
 l - a +0 hunting sling
 p - a +2 dagger of draining (weapon)
Missiles
 e - 8 poisoned needles
 f - a curare-tipped needle
 h - 2 throwing nets (quivered)
Armour
 c - a +0 robe (worn)
 d - a +0 cloak (worn)
Scrolls
 j - a scroll of remove curse
Potions
 a - a potion of mutation {unknown}
 i - a potion of might
Comestibles
 g - 4 rations


   Skills:
 + Level 2.0 Fighting
 + Level 3.8 Short Blades
 + Level 2.3 Throwing
 + Level 2.9 Dodging
 + Level 7.8 Stealth


You had 4 spell levels left.
You didn't know any spells.

Dungeon Overview and Level Annotations

Branches:
Dungeon (3/15)

Altars:
Qazlal
Trog
Uskayaw
Vehumet
Wu Jian
Yredelemnul

Annotations:
D:3 CrazyArbalest's ghost, amateur MiHu


Innate Abilities, Weirdness & Mutations

You are very small and have problems with some larger weapons.
You are too small for most types of armour.
You have supernaturally acute eyesight. (SInv)
You are a herbivore.
You cover ground extremely quickly.
You need consume almost no food.


Message History

You barely miss CrazyArbalest's ghost. The gnoll barely misses you.
CrazyArbalest's ghost misses you.
You hit CrazyArbalest's ghost.
CrazyArbalest's ghost is lightly damaged.
The gnoll barely misses you.
You closely miss CrazyArbalest's ghost.
CrazyArbalest's ghost is lightly damaged.
CrazyArbalest's ghost hits you.
* * * LOW HITPOINT WARNING * * *
CrazyArbalest's ghost burns you.
* * * LOW HITPOINT WARNING * * *
You barely miss CrazyArbalest's ghost.
CrazyArbalest's ghost is lightly damaged.
The gnoll misses you.
CrazyArbalest's ghost hits you but does no damage.
You barely miss CrazyArbalest's ghost.
CrazyArbalest's ghost is lightly damaged.
CrazyArbalest's ghost hits you but does no damage.
The gnoll hits you from afar with a halberd!
You die...

## ###. ## .... .b
..# .## #.# ...#
########.#####.!..##
.........g)@Wbb.....
#.........##########
#.........#
#.........#
#.........#
#.........####+##
#.........#.....#
#..(......#.....#
#.........'.....#


You could see CrazyArbalest's ghost, a gnoll and 2 bats.

Vanquished Creatures
  3 adders (D:2)
  3 gnolls
  2 worms
  2 dart slugs
  5 leopard geckos (D:1)
  5 orcs (D:3)
  3 ball pythons
  3 giant cockroaches
  2 gnoll zombies (D:2)
  12 hobgoblins
  9 jackals
  2 quokkas (D:2)
  5 bats
  8 frilled lizards
  8 goblins
  8 kobolds
  6 rats
86 creatures vanquished.

Vanquished Creatures (others)
  A goblin (D:2)
1 creature vanquished.

Grand Total: 87 creatures vanquished

Notes
Turn   | Place    | Note
-------+----------+-------------------------------------------
     0 | D:1      | kwel01 the Spriggan Assassin began the quest for the Orb.
     0 | D:1      | Reached XP level 1. HP: 10/10 MP: 2/2
    31 | D:1      | Reached skill level 6 in Stealth
    31 | D:1      | Reached XP level 2. HP: 14/14 MP: 3/3
   549 | D:1      | Found a hide-covered altar of Uskayaw.
   861 | D:1      | Reached XP level 3. HP: 17/18 MP: 4/4
   921 | D:1      | Reached skill level 7 in Stealth
  2113 | D:2      | Found a faded altar of an unknown god.
  2230 | D:2      | Reached XP level 4. HP: 12/23 MP: 5/5
  2481 | D:2      | Found a bloodstained altar of Trog.
  2577 | D:2      | Found a radiant altar of Vehumet.
  3082 | D:2      | Found a basalt altar of Yredelemnul.
  3287 | D:2      | Found a stormy altar of Qazlal.
  3288 | D:2      | Found an ornate altar of the Wu Jian Council.
  3383 | D:3      | Reached XP level 5. HP: 26/26 MP: 6/6
  3469 | D:3      | Noticed CrazyArbalest's ghost (amateur MiHu)
  3502 | D:3      | Mangled by a gnoll

Skill      XL: |  1  2  3  4  5 |
---------------+----------------+-----
Stealth        | 6 7 |  7.8
Dodging        | 2 |  2.9
Short Blades   | 3 |  3.8
Fighting       | 2 |  2.0
Throwing       | |  2.3

Action                   |  1- 3 |  4- 6 || total
-------------------------+-------+-------++-------
Melee: Dagger            |   154 |   141 ||   295
 Fire: Blowgun           |    22 |       ||    22
  Use: Scroll            |     6 |     2 ||     8
       Potion            |     1 |     2 ||     3
 Stab: Sleeping          |    12 |     9 ||    21
       Distracted        |     1 |       ||     1
Armor: Robe              |    10 |     8 ||    18
Dodge: Dodged            |   105 |    68 ||   173
